 Dungeon Crawl Stone Soup version 0.26-a0-317-ge2f3d4a7ca (webtiles) character file.

Game seed: 3772338307065127669

142 ReteAZ the Magician (level 5, -15/31 HPs)
             Began as an Octopode Hedge Wizard on July 16, 2020.
             Killed from afar by a rat (24 damage)
             ... with an exploding inner flame
             ... hexed by the player character
             ... on level 6 of the Dungeon.
             The game lasted 00:08:34 (2418 turns).

ReteAZ the Magician (Octopode Hedge Wizard)         Turns: 2418, Time: 00:08:35

Health: -15/31     AC:  1    Str:  7 (10) XL:     5   Next: 25%
Magic:  8/10       EV: 13    Int: 14 (17) God:
Gold:   72         SH:  5    Dex: 10 (11) Spells: 8/11 levels left

rFire    . . .     SeeInvis .   d - +0 hand axe
rCold    . . .     Faith    .   (no shield)
rNeg     . . .     Spirit   .   b - +0 hat
rPois    +         Reflect  +   p - amulet of reflection
rElec    .         Harm     .   c - ring of protection from magic
rCorr    .                      e - ring of poison resistance
MR       +....                  (no ring)
Stlth    +++.......             (no ring)
HPRegen  0.10/turn              (no ring)
MPRegen  0.12/turn              (no ring)
                                (no ring)
                                (no ring)

@: about to teleport, lightly drained
A: almost no armour, stealthy swim, amphibious, 8 rings, constrict 8, camouflage
1, gelatinous body 1
a: no special abilities


You were on level 6 of the Dungeon.
You visited 1 branch of the dungeon, and saw 4 of its levels.

You collected 72 gold pieces.

Inventory:

Hand Weapons
 a - a +0 dagger
 d - a +0 hand axe (weapon)
Armour
 b - a +0 hat (worn)
Jewellery
 c - a ring of protection from magic (left tentacle)
 e - a ring of poison resistance (right tentacle)
 p - an amulet of reflection (around mantle)
Scrolls
 f - 5 scrolls of remove curse
 o - a scroll of enchant weapon {unknown}
Potions
 k - 2 potions of brilliance
 n - a potion of magic {unknown}


   Skills:
 - Level 2.0(1.9) Dodging
 - Level 2.6 Stealth
 + Level 3.8(3.7) Spellcasting
 * Level 3.6(3.5) Conjurations
 + Level 2.1(2.0) Summonings
   Level 1.0(0.9) Translocations


You had 8 spell levels left.
You knew the following spells:

 Your Spells              Type           Power        Failure   Level
a - Magic Dart            Conj           ##..         4%          1
b - Call Imp              Summ           #.......     13%         2

Your spell library contained the following spells:

 Spells                   Type           Power        Failure   Level
 Blink                    Tloc           N/A          21%         2
 Conjure Flame            Conj/Fire      #.......     28%         3
 Slow                     Hex            #.......     30%         2
 Mephitic Cloud           Conj/Pois/Air  #.......     36%         3


Dungeon Overview and Level Annotations

Branches:
Dungeon (3/15)             Temple (0/1) D:6

Altars:


Innate Abilities, Weirdness & Mutations

You cannot wear most types of armour.
You are very stealthy in the water. (Stealth+)
You are amphibious.
You can wear up to eight rings at the same time.
You can use your tentacles to constrict eight enemies at once.
Your skin changes colour to match your surroundings (Stealth+).
Your rubbery body absorbs attacks. (AC +1, EV +1)


Message History

There is an open door here.
You see here an arrow.
Your white imp disappears in a puff of smoke!
The centaur shoots an arrow.
You reflect the arrow off an invisible shield around you!
The arrow hits the centaur!
Your magical contamination has completely faded away.
As you read the scroll of teleportation, it crumbles to dust.
You feel strangely unstable. The rat bites you.
* * * LOW HITPOINT WARNING * * *
It was a potion of curing.
You feel better. The rat bites you.
As you read the scroll labeled GYGOIR JINTOKH, it crumbles to dust.
The creatures around you are filled with an inner flame!
It was a scroll of immolation.
The rat bites you.
* * * LOW HITPOINT WARNING * * *
You hit the rat but do no damage. You grab the rat. You constrict the rat.
The rat explodes!
The fiery explosion engulfs you!!
Ouch! That really hurt!
You die...

#####.####### ***********
*****#...........#****,,,,,,,,,*
,,......##.#####.#*,,,,,,,,,,,,*
,*###..,*#.#** #.#*,#*,,,,,,,,,*
,***#.,,*#...###.##.##.#********
,,,..,,,,..............#
,,.#*,*,*..#..##.##.#####*
,,,,,,,,#..#..##.##......*
,,,,,,,,......##@§§...##.********
,,,,,,*,#.$#..###§§......,,,,,,,,
,,,,,,,,,.......§s####.##*,,,,,,,
,,,,,,**,..#..#.(##≈≈***≈*,******
,**,,*,,,,,#...(#≈s≈≈≈≈+≈*,* ***
,,,,<*,,,,*##.#.#r≈≈≈≈≈+∩*,* *,,
,**>,,,,,,,c....+##≈≈###≈*,****,*
,,,,,,,,,c.......,*###,***,,,,*,*
,**,,***..##..##.,,,,,,,,,,**,*,*


You could see a giant cockroach.

Vanquished Creatures
  A bullfrog zombie (D:6)
  An iguana (D:6)
  A worker ant (D:2)
  An adder (D:2)
  3 worms (D:2)
  2 dart slugs
  A leopard gecko (D:2)
  An orc (D:2)
  A giant cockroach (D:1)
  6 goblins
  4 hobgoblins
  A quokka (D:2)
  A ball python (D:2)
  9 bats
  3 frilled lizards
  6 kobolds
  7 rats
49 creatures vanquished.

Vanquished Creatures (collateral kills)
  4 jackals (D:6)
4 creatures vanquished.

Grand Total: 53 creatures vanquished

Notes
Turn   | Place    | Note
-------+----------+-------------------------------------------
     0 | D:1      | ReteAZ the Octopode Hedge Wizard began the quest for the
                  | Orb.
     0 | D:1      | Reached XP level 1. HP: 11/11 MP: 4/4
   272 | D:1      | Reached XP level 2. HP: 17/17 MP: 0/6
  1063 | D:1      | Learned a level 2 spell: Call Imp
  1111 | D:2      | Reached XP level 3. HP: 21/21 MP: 3/7
  1302 | D:2      | Reached XP level 4. HP: 19/27 MP: 6/9
  1720 | D:2      | Found a faded altar of an unknown god.
  2236 | D:3      | You fall into a shaft and drop 3 floors!
  2252 | D:6      | Reached XP level 5. HP: 15/31 MP: 6/10
  2410 | D:6      | Noticed a centaur
  2418 | D:6      | Killed from afar by a rat

Illustrated notes

Levels and vault maps discovered:
D:1:      lightli_arrival_isolated_outpost, layout_loops_ring
D:2:      layout_rooms, chequers_ecumenical_altar_twisty,
          kennysheep_generic_room_8
D:3:      layout_rooms
D:6:      layout_basic, minmay_temple_entry_grid, gup_sewer_entry_bowl

Skill      XL: |  1  2  3  4 |
---------------+-------------+-----
Conjurations   | 2 3 |  3.6
Summonings     | 2 |  2.1
Dodging        | |  2.0
Stealth        | |  2.6
Spellcasting   | |  3.8
Translocations | |  1.0

Action                   |  1- 3 |  4- 6 || total
-------------------------+-------+-------++-------
Melee: Hand axe          |    19 |    51 ||    70
       Constrict         |     6 |    15 ||    21
       Tentacles         |     4 |    11 ||    15
 Cast: Magic Dart        |    45 |    31 ||    76
       Call Imp          |       |     3 ||     3
  Use: Scroll            |       |     6 ||     6
       Potion            |       |     2 ||     2
 Stab: Sleeping          |     4 |     1 ||     5
Armor: Skin              |     4 |     6 ||    10
Dodge: Dodged            |    20 |    34 ||    54
Block: Other             |       |    13 ||    13
       Reflection        |       |     1 ||     1

Table legend:
 A = Non-vault XP
 B = Vault XP
 C = Vault XP percentage of total XP
 D = Non-vault monster count
 E = Vault monster count
 F = Vault count percentage of total count
                 A         B        C        D         E       F
            +---------+---------+-------+---------+---------+-------
      Total |     200 |       4 |   2.0 |      51 |       2 |   3.8
            +---------+---------+-------+---------+---------+-------
        D:1 |      27 |       0 |   0.0 |      16 |       0 |   0.0
        D:2 |      93 |       4 |   4.1 |      24 |       2 |   7.7
        D:3 |       7 |       0 |   0.0 |       5 |       0 |   0.0
        D:6 |      73 |       0 |   0.0 |       6 |       0 |   0.0
            +---------+---------+-------+---------+---------+-------
